 Dungeon Crawl Stone Soup version 0.31-a0-700-gf13585253f (webtiles) character file.

Game seed: 1865243839023238872

158 Ofeo the Grave Robber (level 5, 41/41 HPs)
             Began as a Demonspawn Wanderer on Sept 8, 2023.
             Quit the game on level 3 of the Dungeon.
             The game lasted 00:02:58 (2932 turns).

Ofeo the Grave Robber (Demonspawn Wanderer)         Turns: 2932, Time: 00:02:59

Health: 41/41      AC:  5    Str:  8    XL:     5   Next: 16%
Magic:  8/8        EV: 25    Int: 14    God:
Gold:   142        SH:  0    Dex: 22    Spells: 8/9 levels left

rFire   . . .        e - +0 long sword
rCold   . . .        (no shield)
rNeg    + . .        n - +0 leather armour "Zookku" {Str-5 Dex+9}
rPois   .            (no helmet)
rElec   .            (no cloak)
rCorr   .            d - +0 pair of gloves
SInv    .            j - +0 pair of boots
Will    .....        h - amulet of the acrobat
Stlth   ++           p - ring of positive energy
HPRegen 0.26/turn    (no ring)
MPRegen 0.11/turn

%: acrobat
@: acrobatic
A: hooves 1, demonic guardian 1, spiny 1
a: no special abilities


You were on level 3 of the Dungeon.
You visited 1 branch of the dungeon, and saw 4 of its levels.

You collected 142 gold pieces.

Inventory:

Hand Weapons
 a - a +0 dagger
 e - a +0 long sword (weapon)
Armour
 c - a +0 robe
 d - a +0 pair of gloves (worn)
 j - a +0 pair of boots (worn)
 n - the +0 leather armour "Zookku" (worn) {Str-5 Dex+9}
   (You found it on level 2 of the Dungeon)

   Str-5:     It affects your strength (-5).
   Dex+9:     It affects your dexterity (+9).
 q - a +2 leather armour of positive energy
Jewellery
 h - an amulet of the acrobat (around neck)
 p - a ring of positive energy (left hand)
 s - a ring of poison resistance
Scrolls
 b - a scroll of blinking {@r4}
 f - a scroll of identify {unknown}
 r - a scroll of fog {unknown}
 t - a scroll of immolation {unknown}
Potions
 g - a potion of ambrosia {unknown}
 i - 2 potions of resistance {unknown}
 k - a potion of heal wounds {unknown}
 l - a potion of attraction {unknown}
 m - 3 potions of brilliance {unknown}
 o - a potion of mutation {unknown}
 u - 2 potions of curing {unknown}


   Skills:
 + Level 3.0 Fighting
 - Level 2.5 Stealth
 - Level 2.6 Spellcasting
 - Level 3.9 Necromancy
 - Level 3.2 Translocations


You had 8 spell levels left.
You knew the following spells:

 Your Spells              Type           Power      Damage    Failure   Level
a - Necrotise             Necr           48%        1d6       6%          1

Your spell library contained the following spells:

 Spells                   Type           Power      Damage    Failure   Level
 Blink                    Tloc           20%        N/A       13%         2
 Momentum Strike          Conj/Tloc      12%        3d8       26%         2
 Gell's Gravitas          Tloc           10%        N/A       26%         3
 Teleport Other           Tloc           10%        N/A       26%         3
 Cigotuvi's Dreadful Rot  Necr/Pois/Air  10%        N/A       28%         2
 Scorch                   Fire           2%         2d5       45%         2
 Dispel Undead            Necr           12%        3d9       54%         4
 Flame Wave               Conj/Fire      1%         2d4       97%         4
 Dispersal                Tloc           5%         N/A       100%        6
 Summon Cactus Giant      Summ           0%         N/A       100%        6


Dungeon Overview and Level Annotations

Branches:
Dungeon (4/15)
 Temple: D:4-7

Altars:
Kikubaaqudgha
Sif Muna
Trog
Xom
Yredelemnul

Shops:
D:1 (:


Innate Abilities, Weirdness & Mutations

You have large cloven feet.
A weak demonic guardian rushes to your aid.
You are partially covered in sharp spines.


Message History

You slash the dart slug!
The dart slug is almost dead.
The dart slug is struck by your spines.
You kill the dart slug!
Health restored: 33
Found a bloodstained altar of Trog.
No target in view!
You see here a rat corpse.
A bullfrog comes into view.
A bullfrog is nearby!
A bullfrog is nearby!
A bullfrog is nearby!
The helpless bullfrog fails to defend itself.
You slash the bullfrog!
The bullfrog is severely wounded.
The bullfrog hits you. x2
You take 6 damage, and have 27/33 hp.
You miss the bullfrog.
The bullfrog is severely wounded.
The bullfrog releases a deep croak.
The bullfrog is struck by your spines. The bullfrog hits you!
The bullfrog is struck by your spines.
You kill the bullfrog!
Your Fighting skill gained 2 levels and is now at level 3!
You have reached level 5!
You take 2 damage, and have 25/41 hp.
MP restored: 8 No target in view!
Done exploring.
Health restored: 41 No target in view!
Done exploring.
Done exploring.
No target in view!
Done exploring.
Search for what [Enter for "."]? .
Unknown command.
Are you sure you want to abandon this character and quit the game? (Confirm with "yes".)
Okay, then.
Are you sure you want to abandon this character and quit the game? (Confirm with "yes".)

###.#.##)......####
....#.##..........#
##..#.##..........#
##..#.#######.....#
....#.# #.....#
###.#.# #.....#
##....# #.....#
##....# #.....#
##....# #...@.#
....#.# #.....#
#####.# #.....#
......# #.....#
####### #######


There were no monsters in sight!

Vanquished Creatures
  A bullfrog (D:3)
  3 adders
  6 dart slugs
  An orc (D:3)
  8 ball pythons
  4 endoplasms
  A giant cockroach (D:1)
  7 goblins
  3 hobgoblins
  3 jackals (D:1)
  6 kobolds
  A quokka (D:3)
  4 bats
  2 frilled lizards
  5 rats
55 creatures vanquished.

Vanquished Creatures (collateral kills)
  An orc (D:3)
  2 ball pythons
3 creatures vanquished.

Grand Total: 58 creatures vanquished

Notes
Turn   | Place    | Note
-------+----------+-------------------------------------------
     0 | D:1      | Ofeo the Demonspawn Wanderer began the quest for the Orb.
     0 | D:1      | Ofeo set off with the following items: a +0 dagger, a
                  | scroll of blinking {@r4}, a +0 robe, a +0 pair of gloves;
                  | and the following spell memorised: Necrotise; and the
                  | following spells available to memorise: Blink, Momentum
                  | Strike, Cigotuvi's Dreadful Rot, Dispel Undead.
     0 | D:1      | Reached XP level 1. HP: 13/13 MP: 3/3
    63 | D:1      | Found Wuckiss's Book Shoppe.
   218 | D:1      | Gained mutation: A weak demonic guardian rushes to your
                  | aid. [demonic ancestry]
   218 | D:1      | Reached XP level 2. HP: 15/19 MP: 3/5
   762 | D:1      | Found Aheros's Weapon Emporium.
   968 | D:1      | Found a basalt altar of Yredelemnul.
  1086 | D:2      | Gained mutation: You are partially covered in sharp spines.
                  | [demonic ancestry]
  1086 | D:2      | Reached XP level 3. HP: 24/24 MP: 6/6
  1166 | D:2      | You fall into a shaft and drop 2 floors!
  1173 | D:4      | Noticed a scorpion
  1525 | D:2      | Identified the +0 leather armour "Zookku" {Str-5 Dex+9}
  2048 | D:3      | Found an ancient bone altar of Kikubaaqudgha.
  2158 | D:3      | Found a shimmering blue altar of Sif Muna.
  2173 | D:3      | Gained mutation: You have large cloven feet. [demonic
                  | ancestry]
  2173 | D:3      | Reached XP level 4. HP: 30/30 MP: 7/7
  2174 | D:3      | Found a shimmering altar of Xom.
  2292 | D:3      | Reached skill level 1 in Fighting
  2828 | D:3      | Found a bloodstained altar of Trog.
  2862 | D:3      | Noticed a bullfrog
  2870 | D:3      | Killed a bullfrog
  2871 | D:3      | Reached XP level 5. HP: 25/41 MP: 8/8
  2932 | D:3      | Quit the game

Illustrated notes

Levels and vault maps discovered:
D:1:      dpeg_arrival_water_altar, layout_basic, serial_shops, shop,
          nicolae_shop_tiny_real_fake_doors, st_stairs_11
D:2:      layout_rooms
D:3:      layout_basic, marbit_many_paths, xom_teletrap_fun,
          mainiacjoe_overflow_large_starburst
D:4:      minmay_razor_zed, layout_basic, minmay_temple_entry_purple_smoke

Skill      XL: |  1  2  3  4 |
---------------+-------------+-----
Stealth        | 2 |  2.5
Translocations | 3 |  3.2
Fighting       | 3 |  3.0
Spellcasting   | |  2.6
Necromancy     | |  3.9

Action                     |  1- 3 |  4- 6 || total
---------------------------+-------+-------++-------
  Melee: Long sword        |    67 |    17 ||    84
         Dagger            |     2 |       ||     2
   Cast: Necrotise         |    15 |       ||    15
   Stab: Sleeping          |     2 |     6 ||     8
 Armour: Robe              |    35 |       ||    35
         Leather armour    |    11 |     6 ||    17
  Dodge: Dodged            |    51 |     4 ||    55

Table legend: (Time is in decaauts)
 A = Elapsed time spent in this place.
 B = Non-inter-level travel time spent in this place.
 C = Inter-level travel time spent in this place.
 D = Time resting spent in this place.
 E = Time spent auto-exploring this place.
 F = Levels seen in this place.
 G = Mean time per level.
                   A        B        C        D        E       F      G
               +--------+--------+--------+--------+--------+-----+--------+
         Total |   2966 |   2843 |    123 |      0 |   2400 |   4 |  741.5 |
       Dungeon |   2966 |   2843 |    123 |      0 |   2400 |   4 |  741.5 |
               +--------+--------+--------+--------+--------+-----+--------+

Top non-repeatable levels by time:
     D:3: 1291 daAuts
     D:1: 1087 daAuts
     D:2: 553 daAuts
     D:4: 33 daAuts
